 Dungeon Crawl Stone Soup version 0.28.0-43-g3370ac3207 (webtiles) character file.

Game seed: 13757883635384550622

281008 sizableburger the Basher (level 20, 0/143 HPs)
             Began as an Octopode Fighter on Mar 8, 2022.
             Was the Champion of Qazlal.
             Slain by a vault warden
             ... wielding a +0 battleaxe
              (18 damage)
             ... on level 3 of the Vaults on Mar 9, 2022.
             The game lasted 02:58:56 (57811 turns).

sizableburger the Basher (Octopode Fighter)        Turns: 57811, Time: 02:58:56

Health: 0/143      AC:  6    Str: 19    XL:     20   Next: 49%
Magic:  0/41       EV: 19    Int: 25    God:    Qazlal [******]
Gold:   2687       SH: 21    Dex: 16    Spells: 6/35 levels left

rFire   + . .      SeeInvis +   D - +5 morningstar (freeze)
rCold   . . .      Faith    .   U - +0 kite shield
rNeg    . . .      Spirit   +   r - +2 hat of the Bear Spirit {Spirit, *Rage Will++}
rPois   +          Reflect  .   o - amulet of the acrobat
rElec   +          Harm     .   u - ring of magical power
rCorr   +          Rampage  .   f - +6 ring of intelligence
Will    +++..      Rage     20% k - ring "Gutabbeq" {*Corrode rElec Str+2 Slay+4 Stlth+}
Stlth   +.........              H - ring of wizardry
HPRegen 0.33/turn               b - +4 ring of protection
MPRegen 0.27/turn               w - ring of resist corrosion
                                R - ring of see invisible
                                d - +6 ring of intelligence

@: protected from physical damage, corroded, on berserk cooldown, slowed, repel
missiles, very slow
A: almost no armour, amphibious, 8 rings, camouflage 1, gelatinous body 1,
(nimble swimmer 1), tentacles, fire resistance 1, poison resistance, screaming 1
}: 2/15 runes: decaying, gossamer
a: Renounce Religion, Upheaval, Elemental Force, Disaster Area


You were on level 3 of the Vaults.
You worshipped Qazlal.
Qazlal was exalted by your worship.
You visited 7 branches of the dungeon, and saw 35 of its levels.
You also visited: Sewer.

You collected 3405 gold pieces.
You spent 718 gold pieces at shops.

Inventory:

Hand Weapons
 D - a +5 morningstar of freezing (weapon)
 V - a +8 eveningstar of venom
Missiles
 i - 20 boomerangs
 m - 3 curare-tipped darts
 S - 17 javelins
 X - 3 throwing nets
Armour
 r - the +2 hat of the Bear Spirit (worn) {Spirit, *Rage Will++}
   (You bought it in a shop on level 5 of the Dungeon)

   Going berserk makes the wearer tougher, and they're slowed less afterward.
   *Rage:     It berserks you when you make melee attacks (+20% chance).
   Will:      It greatly increases your willpower.
 U - a +0 kite shield (worn)
Magical Staves
 T - a staff of death
Jewellery
 b - a +4 ring of protection (on tentacle)
 d - a +6 ring of intelligence (on tentacle)
 e - a ring of ice
 f - a +6 ring of intelligence (right tentacle)
 k - the ring "Gutabbeq" (on tentacle) {*Corrode rElec Str+2 Slay+4 Stlth+}
   (You acquired it on level 1 of the Spider Nest)

   [ring of slaying]

   Str:       It affects your strength (+2).
   Slay:      It affects your accuracy & damage with ranged weapons and melee
   (+4).
   rElec:     It insulates you from electricity.
   *Corrode:  It may corrode you when you take damage.
   Stlth:     It makes you more stealthy.
 o - an amulet of the acrobat (around mantle)
 u - a ring of magical power (left tentacle)
 w - a ring of resist corrosion (on tentacle)
 H - a ring of wizardry (on tentacle)
 L - the ring "Xomiuwerr" {Fire rN+}
   (You found it on level 6 of the Lair of Beasts)

   [ring of fire]

   It enhances your fire magic.
   rF:        It protects you from fire.
   rC:        It makes you vulnerable to cold.
   rN:        It protects you from negative energy.
 M - an amulet of reflection
 P - a ring of protection from fire
 R - a ring of see invisible (on tentacle)
Wands
 a - a wand of mindburst (17)
 q - a wand of polymorph (26)
 t - a wand of iceblast (15)
 x - a wand of digging (7)
 y - a wand of acid (3)
 z - a wand of flame (79)
 J - a wand of charming (7)
 N - a wand of paralysis (9)
Scrolls
 j - 7 scrolls of fear
 l - 4 scrolls of amnesia
 p - 2 scrolls of teleportation
 E - a scroll of magic mapping
 F - 4 scrolls of silence
 G - a scroll of torment
 O - 7 scrolls of immolation
 Q - 2 scrolls of fog
 Y - a scroll of holy word
Potions
 c - 2 potions of might
 g - 4 potions of invisibility
 h - 2 potions of heal wounds
 n - 4 potions of attraction
 s - 17 potions of curing
 A - 11 potions of ambrosia
 B - 4 potions of mutation
 C - 4 potions of brilliance
 I - 3 potions of haste
 Z - a potion of resistance


   Skills:
 + Level 14.2 Fighting
 - Level 9.5(13.4) Axes
 - Level 14.9(16.0) Maces & Flails
 - Level 5.0 Throwing
 - Level 12.7 Dodging
 + Level 13.0 Shields
 - Level 8.4 Spellcasting
 - Level 5.8 Hexes
 - Level 4.0 Summonings
 - Level 10.9 Necromancy
 - Level 7.3 Translocations
 - Level 4.0 Ice Magic
 - Level 6.0 Air Magic
 - Level 5.8 Earth Magic
 + Level 7.4 Poison Magic
 + Level 10.7 Invocations
 - Level 2.6 Evocations


You had 6 spell levels left.
You knew the following spells:

 Your Spells              Type           Power      Damage    Failure   Level
a - Swiftness             Air            40%        N/A       1%          3
b - Mephitic Cloud        Conj/Pois/Air  33%        N/A       2%          3
c - Death Channel         Necr           30%        N/A       8%          6
d - Summon Ice Beast      Ice/Summ       30%        N/A       9%          4
e - Blink                 Tloc           94%        N/A       1%          2
f - Lesser Beckoning      Tloc           47%        N/A       1%          3
g - Leda's Liquefaction   Hex/Erth       19%        N/A       4%          4
h - Olgreb's Toxic Radia  Pois           47%        N/A       2%          4

Your spell library contained the following spells:

 Spells                   Type           Power      Damage    Failure   Level
 Animate Skeleton         Necr           100%       N/A       1%          1
 Apportation              Tloc           94%        N/A       1%          1
 Sting                    Tmut/Pois      100%       1d8       1%          1
 Summon Small Mammal      Summ           100%       N/A       1%          1
 Call Imp                 Summ           30%        N/A       1%          2
 Corpse Rot               Necr/Air       100%       N/A       1%          2
 Ensorcelled Hibernation  Hex/Ice        70%        N/A       1%          2
 Passwall                 Tmut/Erth      20%        N/A       1%          2
 Poisonous Vapours        Pois/Air       88%        N/A       1%          2
 Static Discharge         Conj/Air       25%        N/A       1%          2
 Portal Projectile        Hex/Tloc       86%        N/A       1%          3
 Summon Guardian Golem    Hex/Summ       35%        N/A       1%          3
 Dispel Undead            Necr           60%        3d21      1%          4
 Call Canine Familiar     Summ           30%        N/A       2%          3
 Frozen Ramparts          Ice            62%        1d8       2%          3
 Magic Dart               Conj           40%        1d5       4%          1
 Airstrike                Air            20%        N/A       4%          4
 Summon Lightning Spire   Summ/Air       35%        N/A       6%          4
 Manifold Assault         Tloc           47%        N/A       6%          5
 Silence                  Hex/Air        20%        N/A       11%         5
 Ice Form                 Ice/Tmut       20%        N/A       19%         4
 Lightning Bolt           Conj/Air       12%        1d26      32%         5
 Borgnjor's Revivificati  Necr           30%        N/A       96%         8
 Ozocubu's Refrigeration  Ice            15%        4d8       99%         7
 Maxwell's Capacitive Co  Air            20%        ∞         100%        8
 Necromutation            Tmut/Necr      18%        N/A       100%        8
 Death's Door             Necr           30%        N/A       100%        9


Dungeon Overview and Level Annotations

Branches:
Dungeon (15/15)            Temple (1/1) D:4            Lair (6/6) D:10
  Swamp (4/4) Lair:2       Spider (4/4) Lair:3        Slime (0/5) Lair:5
    Orc (2/2) D:12            Elf (0/3) Orc:2        Vaults (2/5) D:13
  Crypt (0/3) Vaults:3     Depths (0/4) D:15          Sewer (visited)

Altars:
Ashenzari
Cheibriados
Dithmenos
Fedhas
Gozag
Hepliaklqana
Kikubaaqudgha
Makhleb
Nemelex Xobeh
Okawaru
Qazlal
Ru
Sif Muna
Trog
Uskayaw
Vehumet
Wu Jian
Xom
Yredelemnul
Beogh
Jiyva

Shops:
D:5 [*   D:11 (   D:13 *   Orc:2 :[((:

Annotations:
D:11 3 runed translucent doors, Jenx's ghost, journeyman TrMo
Lair:4 3 runed translucent doors, adizb's ghost, journeyman TrFi
Vaults:3 Sojobo


Innate Abilities, Weirdness & Mutations

You cannot wear most types of armour.
You are amphibious.
You can wear up to eight rings at the same time.
Your skin changes colour to match your surroundings (Stealth+).
Your rubbery body absorbs attacks. (AC +1, EV +1)
((You are camouflaged when in or above water. (Stealth+)))
You have tentacles for arms and can constrict up to eight enemies at once.
Your flesh is heat resistant. (rF+)
Your system is resistant to poisons. (rPois)
You occasionally shout uncontrollably at your foes.


Message History

The yaktaur is engulfed in spectral mist.
The yaktaur barely misses you.
The deep troll is engulfed in spectral mist.
The deep troll closely misses you. You block the deep troll's attack.
The deep troll completely misses you.
The vault warden is engulfed in freezing vapours.
The vault warden hits you with a +5 vorpal battleaxe!!!
You feel protected from physical attacks.
The vault warden is engulfed in spectral mist.
The vault warden hits you with a +0 battleaxe!!
The yaktaur is engulfed in spectral mist.
The yaktaur dies!
Your Shields skill increases to level 13!
Activating: Disaster Area (4% risk of failure)
Press: ? - help, Dir - look around, f - activate Nature churns violently around you!
The cutting wind hits the vault guard!!
The vault guard is almost dead.
The deep troll is engulfed in spectral mist.
You block the deep troll's attack. The deep troll misses you.
You block the deep troll's attack.
The vault warden hits you with a +5 vorpal battleaxe!!
* * * LOW HITPOINT WARNING * * *
You feel more protected from physical attacks.
* * * LOW HITPOINT WARNING * * *
The vault warden is engulfed in spectral mist.
The vault warden hits you with a +0 battleaxe!
* * * LOW HITPOINT WARNING * * *
The vault guard is engulfed in freezing vapours.
You kill the vault guard!
Qazlal accepts your kill.
The revenant hits you but does no damage.
The vault warden hits you with a +5 vorpal battleaxe.
* * * LOW HITPOINT WARNING * * *
You feel more protected from physical attacks.
* * * LOW HITPOINT WARNING * * *
The deep troll is engulfed in spectral mist.
The deep troll closely misses you. The deep troll barely misses you. x2
The vault warden hits you with a +0 battleaxe!!
You die...

*******###########******** **
*,,,,,,#.........#*,,,,,,* ,*
*,,,,,,#.........#*,,,,,,*** ,*
*,,,,,,#.).......#*,,,,,,*,* ,*
*,,,,,,#.........#*,,,,,,*,, ,*
*,,,,,,#.§§§.....#*,,,,,,+,, ,*
*,,,>,,#.☼☼T.°(..#*,,,,,,+,, ,*
*,,,,,,#..p○z≈...#*,,,,,,*,* ,*
*,,,,,,####@######*,,,,,,*** >*
*,,,,,,* #○pT≈.§§§#,,,,,,* ,*
*,,,,,,* #☼§☼○≈≈≈§#,,,,,,*** ,*
*,,,,,,* #≈☼)..)..#,,,,,,+,, ,*
*,,,,,,* #..(§§.≈.+,,,,,,*,,
+*****+*******#........#,,,,,,*,,
,,,,,,,,,,,,,,#........#,,,,,,*,,
,,,,,,,,,,,,,,+........#,,,,,,*,,
8,,,8,,,8,,,,,*,,<,,,,,*,,,,,,*,,


You could see 2 vault wardens, a revenant and 2 deep trolls.

Vanquished Creatures
  Frederick (Vaults:3)
  A sphinx (Vaults:3)
  A tengu reaver (Vaults:3)
  2 thorn hunters
  Kirke (D:13)
  A fire giant (Vaults:2)
  A fenstrider witch (Swamp:3)
  A deep elf sorcerer (Vaults:2)
  2 emperor scorpions (Spider:4)
  The ghost of Ewion Wibui the Thaumaturge, a journeyman GnSk of Makhleb (Swamp:3)
  3 ghost moths (Spider:4)
  6 vault wardens
  12 ironbound preservers
  3 orc warlords
  A broodmother (Spider:2)
  A stone giant (Vaults:1)
  An ironbound thunderhulk (Vaults:1)
  A deep elf demonologist (Vaults:3)
  A war gargoyle (Vaults:3)
  3 very ugly things (Vaults:1)
  4 eleionomae
  2 entropy weavers
  2 bunyips
  6 dire elephants (Vaults:1)
  A spark wasp (Spider:3)
  2 ettins (Vaults:3)
  Snorg (D:11)
  4 yaktaur captains
  A shambling mangrove (Swamp:4)
  Fannar (Lair:3)
  A catoblepas (Vaults:3)
  19 hydras
  7 vault guards (Vaults:3)
  A peacekeeper (Vaults:3)
  5 ironbound frosthearts
  A jorogumo (Spider:4)
  An ice dragon (D:11)
  2 ghost crabs
  6 boulder beetles
  A death knight (D:12)
  3 radroaches
  4 alligators
  12 centaur warriors
  5 two-headed ogres
  2 death yaks (Lair:5)
  A deep troll earth mage (Vaults:3)
  An orc high priest (Orc:1)
  Urug (D:11)
  A hell knight (Vaults:3)
  A spriggan berserker (Swamp:3)
  3 pharaoh ants
  3 goliath frogs
  5 skeletal warriors
  A death drake (Swamp:2)
  A glowing orange brain (Vaults:3)
  19 deep trolls
  5 swamp dragons
  6 steelbarb worms
  5 spriggan druids
  6 wizards
  8 bog bodies
  6 orb spiders
  3 ironbound convokers
  A deep elf pyromancer (D:12)
  2 lindwurms (Vaults:1)
  A phantasmal warrior (D:13)
  2 necromancers
  4 orc sorcerers
  8 orc knights
  2 deep elf zephyrmancers (D:15)
  16 ugly things
  4 will-o-the-wisps
  7 wolf spiders
  6 cyclopes
  3 manticores
  2 moths of wrath
  2 black mambas (Lair:6)
  A guardian serpent (shapeshifter) (D:13)
  3 elephants (Lair:6)
  2 torpor snails
  2 unseen horrors (D:11)
  9 gargoyles
  Maggie (D:8)
  4 vault sentinels
  25 cane toads
  12 komodo dragons
  A rime drake (shapeshifter) (Vaults:3)
  10 demonic crawlers
  15 yaktaurs
  7 rime drakes
  A freezing wraith (D:14)
  A merfolk (shapeshifter) (D:8)
  3 trolls
  7 meliai
  19 tarantellas
  6 tyrant leeches
  11 hornets
  18 blink frogs
  Grinder (D:5)
  4 polar bears
  11 slime creatures
  5 dream sheep (Lair:4)
  19 culicivoras
  29 jumping spiders
  A centaur simulacrum (D:15)
  A shadow (D:10)
  14 spriggans
  2 wyverns
  5 wraiths
  A vampire (D:12)
  55 yaks
  5 basilisks
  3 hogs (D:13)
  31 redbacks
  2 wargs
  Menkaure (D:4)
  25 vampire mosquitoes
  14 swamp worms
  Edmund (D:5)
  Duvessa (D:7)
  16 water moccasins
  A black bear (D:5)
  5 swamp drakes (Swamp:4)
  3 ice beasts
  29 orc warriors
  A necrophage (D:5)
  23 wolves
  17 centaurs
  13 ogres
  3 phantoms
  2 kobold brigands (D:13)
  2 gnoll sergeants
  16 bullfrogs
  A scorpion (D:4)
  Dowan (D:7)
  14 killer bees
  11 wights
  2 howler monkeys (D:12)
  4 electric eels
  5 centaur zombies
  A crimson imp (Spider:1)
  A bullfrog zombie (D:6)
  4 jellies
  3 hounds
  34 orc priests
  Crazy Yiuf (D:5)
  3 centaur skeletons
  2 bullfrog skeletons
  9 iguanas
  Ijyb (D:5)
  37 orc wizards
  Robin (D:4)
  4 howler monkey zombies
  12 gnolls
  8 adders
  A howler monkey skeleton (D:6)
  A white imp (D:6)
  An adder skeleton (D:4)
  3 worms
  83 orcs
  6 ball pythons
  3 endoplasms
  3 giant cockroaches
  12 goblins
  6 hobgoblins
  4 jackals (D:1)
  4 kobolds
  3 quokkas
  5 bats
  8 frilled lizards
  8 rats
  2 briar patches (Swamp:4)
1106 creatures vanquished.

Vanquished Creatures (collateral kills)
  A broodmother (Spider:1)
  A war gargoyle (Vaults:3)
  An eleionoma (Swamp:4)
  A dire elephant (Vaults:1)
  A shambling mangrove (Swamp:4)
  6 hydras (Swamp:4)
  A boulder beetle (Spider:1)
  A jorogumo (Spider:1)
  A vault guard (Vaults:2)
  4 pharaoh ants
  A sun moth (Spider:4)
  7 deep trolls (Vaults:2)
  3 orb spiders (Spider:4)
  An ironbound convoker (Vaults:2)
  2 lindwurms (Vaults:1)
  A steelbarb worm (Spider:4)
  A wizard (Vaults:2)
  4 swamp dragons
  7 wolf spiders
  An ugly thing (Vaults:1)
  A vault sentinel (Vaults:1)
  2 yaktaurs (Vaults:2)
  A demonic crawler (Spider:4)
  3 meliai (Spider:4)
  A bloated husk (Swamp:2)
  A troll (D:13)
  9 tarantellas
  3 slime creatures (Vaults:3)
  4 jumping spiders
  8 culicivoras
  6 redbacks
  4 swamp drakes (Swamp:4)
89 creatures vanquished.

Vanquished Creatures (others)
  A wizard (Vaults:1)
  A will-o-the-wisp (Swamp:3)
  A vault sentinel (Vaults:3)
  A yaktaur (Vaults:3)
  2 bloated husks
  2 humans (D:13)
  A redback (Spider:1)
  A boggart (D:13)
  3 briar patches
  34 foxfires
  41 fungi
  119 plants
207 creatures vanquished.

Grand Total: 1402 creatures vanquished

Notes
Turn   | Place    | Note
-------+----------+-------------------------------------------
     0 | D:1      | sizableburger the Octopode Fighter began the quest for the
                  | Orb.
     0 | D:1      | Reached XP level 1. HP: 16/16 MP: 1/1
    88 | D:1      | Reached XP level 2. HP: 21/21 MP: 2/2
   895 | D:2      | Reached XP level 3. HP: 25/26 MP: 3/3
   988 | D:2      | Found a faded altar of an unknown god.
  2070 | D:3      | Reached XP level 4. HP: 33/33 MP: 4/4
  2216 | D:3      | Found a glowing drain.
  2227 | Sewer    | Entered a sewer
  2370 | Sewer    | Reached XP level 5. HP: 37/37 MP: 5/5
  2799 | D:3      | Noticed an ogre
  3224 | D:4      | Noticed a centaur
  3237 | D:4      | Killed a centaur
  3238 | D:4      | Reached XP level 6. HP: 12/43 MP: 6/6
  3804 | D:4      | Reached skill level 5 in Dodging
  3831 | D:4      | Noticed Menkaure
  3841 | D:4      | Killed Menkaure
  3842 | D:4      | Reached skill level 5 in Axes
  3842 | D:4      | Reached XP level 7. HP: 48/48 MP: 7/7
  3935 | D:4      | Found a staircase to the Ecumenical Temple.
  3949 | Temple   | Entered the Ecumenical Temple
  4039 | Temple   | Became a worshipper of Qazlal Stormbringer
  4074 | D:4      | Noticed Robin
  4657 | D:4      | Killed Robin
  4795 | D:5      | Entered Level 5 of the Dungeon
  4826 | D:5      | Reached skill level 1 in Throwing
  5321 | D:5      | Noticed Ijyb
  5328 | D:5      | Killed Ijyb
  5374 | D:5      | Reached XP level 8. HP: 46/54 MP: 8/8
  5472 | D:5      | Reached skill level 5 in Fighting
  5807 | D:5      | Found Ykaihaaci's Armour Shop.
  6141 | D:5      | Found Joluerch's Fire Supplies.
  6604 | D:5      | Noticed Grinder
  6621 | D:5      | Paralysed by Grinder for 6 turns
  6630 | D:5      | Killed Grinder
  6630 | D:5      | Reached * piety under Qazlal
  6796 | D:5      | Found a shimmering blue altar of Sif Muna.
  6888 | D:5      | Found a runed translucent door.
  6889 | D:5      | Noticed Crazy Yiuf
  6895 | D:5      | Killed Crazy Yiuf
  7002 | D:5      | Reached XP level 9. HP: 41/62 MP: 9/9
  7820 | D:6      | Found a sparkling altar of Nemelex Xobeh.
  7830 | D:6      | Noticed Edmund
  7844 | D:5      | Killed Edmund
  8666 | D:6      | Noticed a two-headed ogre
  9312 | D:7      | Found a burning altar of Makhleb.
  9376 | D:7      | Reached ** piety under Qazlal
  9581 | D:7      | Noticed Dowan
  9583 | D:7      | Noticed Duvessa
  9596 | D:7      | Killed Duvessa
  9597 | D:7      | Reached XP level 10. HP: 41/72 MP: 10/10
  9602 | D:7      | Killed Dowan
  9603 | D:7      | Reached skill level 5 in Shields
  9838 | D:6      | Reached skill level 1 in Invocations
  9838 | D:6      | Reached skill level 1 in Evocations
 10000 | D:8      | Noticed Maggie
 10014 | D:8      | Killed Maggie
 11075 | D:8      | Learned a level 3 spell: Swiftness
 11336 | D:8      | Reached skill level 1 in Air Magic
 11592 | D:9      | Reached skill level 1 in Spellcasting
 12292 | D:9      | Found an ancient bone altar of Kikubaaqudgha.
 12845 | D:9      | Reached XP level 11. HP: 64/76 MP: 14/14
 13184 | D:9      | Reached skill level 1 in Maces & Flails
 13697 | D:5      | Bought the +2 hat of the Bear Spirit {Spirit, *Rage Will++}
                  | for 410 gold pieces
 13697 | D:5      | Found the +2 hat of the Bear Spirit {Spirit, *Rage Will++}
 13740 | D:6      | Killed a two-headed ogre
 13805 | D:6      | Identified the +0 pair of boots of Grace {+Blink}
 13940 | D:10     | Entered Level 10 of the Dungeon
 13996 | D:10     | Found a staircase to the Lair.
 14134 | D:10     | Noticed a two-headed ogre
 14146 | D:10     | Killed a two-headed ogre
 14369 | D:10     | Reached skill level 5 in Air Magic
 14386 | D:10     | Reached *** piety under Qazlal
 14768 | D:10     | Reached skill level 5 in Spellcasting
 14924 | D:10     | Noticed a cyclops
 14927 | D:10     | Killed a cyclops
 14928 | D:10     | Reached skill level 5 in Maces & Flails
 15165 | D:11     | Noticed a two-headed ogre
 15183 | D:11     | Killed a two-headed ogre
 15321 | D:11     | Noticed a boulder beetle
 15379 | Lair:1   | Entered Level 1 of the Lair of Beasts
 15386 | Lair:1   | Noticed a seven-headed hydra
 15416 | Lair:1   | Killed a seven-headed hydra
 15417 | Lair:1   | Reached XP level 12. HP: 55/84 MP: 13/20
 15619 | Lair:1   | Learned a level 3 spell: Mephitic Cloud
 15725 | Lair:1   | Reached skill level 1 in Poison Magic
 17085 | Lair:2   | Noticed a six-headed hydra
 17172 | Lair:1   | Learned a level 6 spell: Death Channel
 17250 | Lair:2   | Killed a six-headed hydra
 17442 | Lair:2   | Reached skill level 1 in Necromancy
 17567 | Lair:2   | Reached skill level 5 in Invocations
 17762 | Lair:2   | Found a staircase to the Swamp.
 18661 | Lair:3   | Reached XP level 13. HP: 89/89 MP: 21/21
 18876 | Lair:3   | Noticed Fannar
 19135 | Lair:3   | Reached **** piety under Qazlal
 19301 | Lair:3   | Killed Fannar
 19743 | Lair:3   | Found a hole to the Spider Nest.
 20242 | Lair:4   | Noticed adizb's ghost (journeyman TrFi)
 20260 | Lair:4   | Found a runed translucent gate.
 20260 | Lair:4   | Found a runed translucent gate.
 20260 | Lair:4   | Found a runed translucent gate.
 20260 | Lair:4   | Noticed a minotaur
 20273 | Lair:4   | Reached skill level 5 in Necromancy
 22462 | Lair:5   | Found a viscous altar of Jiyva.
 22462 | Lair:5   | Found a staircase to the Slime Pits.
 22640 | Lair:6   | Entered Level 6 of the Lair of Beasts
 22881 | Lair:6   | Reached ***** piety under Qazlal
 22934 | Lair:6   | Reached skill level 10 in Fighting
 23135 | Lair:6   | Reached XP level 14. HP: 99/99 MP: 22/22
 23566 | Lair:6   | Reached skill level 10 in Maces & Flails
 25352 | Lair:6   | Identified the ring "Xomiuwerr" {Fire rN+}
 25361 | Lair:6   | Identified the +0 cloak "Uckian" {rElec rF- rN+}
 26459 | D:11     | Noticed Urug
 26465 | D:11     | Killed Urug
 26635 | D:11     | Noticed Snorg
 26647 | D:11     | Killed Snorg
 26872 | D:11     | Found Cunewn's Weapon Shop.
 26919 | D:11     | Found a runed translucent gate.
 26919 | D:11     | Found a runed translucent gate.
 26919 | D:11     | Found a runed translucent gate.
 26921 | D:11     | Noticed Jenx's ghost (journeyman TrMo)
 28498 | D:12     | Found a staircase to the Orcish Mines.
 28554 | Orc:1    | Entered Level 1 of the Orcish Mines
 28700 | D:12     | Reached ****** piety under Qazlal
 28744 | Orc:1    | Reached XP level 15. HP: 106/106 MP: 24/24
 28832 | Orc:1    | Reached skill level 10 in Dodging
 29073 | Orc:1    | You are sucked into a shaft and drop 1 floor!
 29073 | Orc:2    | Entered Level 2 of the Orcish Mines
 29346 | Orc:2    | Found a staircase to the Elven Halls.
 30287 | Orc:2    | Noticed an orc warlord
 30299 | Orc:1    | Killed an orc warlord
 31145 | Orc:2    | Found Melir's Antique Weapon Emporium.
 31237 | Orc:2    | Found Leostuf's Book Shoppe.
 31398 | Orc:2    | Found Joxer's Book Emporium.
 31497 | Orc:2    | Found Hiskiwun's Antique Weapon Shop.
 31499 | Orc:2    | Found Neuluq's Antique Armour Boutique.
 31765 | D:13     | Got Ciulif's Almanac of Ice and Curses
 32253 | D:13     | Noticed Kirke
 32256 | D:13     | Noticed a sphinx
 32266 | D:13     | Killed Kirke
 32453 | D:13     | Found Furritz's Assorted Antiques.
 33163 | D:13     | Found a gate to the Vaults.
 33248 | D:13     | Reached XP level 16. HP: 112/112 MP: 27/27
 33792 | D:13     | Reached skill level 10 in Necromancy
 34602 | D:15     | Entered Level 15 of the Dungeon
 34716 | Orc:2    | Bought a book of Rime for 308 gold pieces
 34721 | Orc:2    | Learned a level 4 spell: Summon Ice Beast
 35186 | D:15     | Reached skill level 1 in Ice Magic
 35193 | D:15     | Reached skill level 1 in Summonings
 35453 | D:15     | Found a staircase to the Depths.
 35533 | D:15     | Found the +3 Mad Mage's Maulers {Infuse+∞ RegenMP Int-3}
 35858 | Spider:1 | Entered Level 1 of the Spider Nest
 36109 | Spider:1 | Reached XP level 17. HP: 73/117 MP: 29/29
 38069 | Spider:1 | Identified a scroll of acquirement
 38069 | Spider:1 | Acquired the ring "Gutabbeq" {*Corrode rElec Str+2 Slay+4
                  | Stlth+}
 39326 | Spider:2 | Learned a level 2 spell: Blink
 39330 | Spider:2 | Learned a level 3 spell: Lesser Beckoning
 39730 | Spider:3 | Reached skill level 1 in Translocations
 42283 | Swamp:1  | Entered Level 1 of the Swamp
 43464 | Swamp:1  | Reached skill level 5 in Throwing
 45745 | Swamp:3  | Reached XP level 18. HP: 124/124 MP: 30/30
 46440 | Swamp:3  | Reached skill level 5 in Translocations
 47189 | Swamp:3  | Found a runed translucent gate.
 47189 | Swamp:3  | Found a runed translucent gate.
 47189 | Swamp:3  | Found a runed translucent gate.
 47231 | Swamp:3  | Noticed Ewion Wibui's ghost (journeyman GnSk)
 47248 | Swamp:3  | Killed Ewion Wibui's ghost
 47259 | Swamp:3  | Identified the +6 rapier of the Arena {drain, Str+4 Int+2
                  | Dex+3}
 47395 | Swamp:3  | Learned a level 4 spell: Leda's Liquefaction
 47516 | Swamp:4  | Entered Level 4 of the Swamp
 48713 | Swamp:4  | Got a decaying rune of Zot
 48730 | Swamp:4  | Gained mutation: You sometimes lose the ability to read
                  | scrolls when taking damage. [potion of mutation]
 48730 | Swamp:4  | Gained mutation: Your mind is acute. (Int +2) [potion of
                  | mutation]
 48730 | Swamp:4  | Gained mutation: You possess an exceptional clarity of
                  | mind. [potion of mutation]
 48731 | Swamp:4  | Lost mutation: You sometimes lose the ability to read
                  | scrolls when taking damage. [potion of mutation]
 48731 | Swamp:4  | Lost mutation: You possess an exceptional clarity of mind.
                  | [potion of mutation]
 48731 | Swamp:4  | Lost mutation: Your mind is acute. (Int +2) [potion of
                  | mutation]
 48731 | Swamp:4  | Gained mutation: Your spells are a little easier to cast,
                  | but a little less powerful. [potion of mutation]
 48731 | Swamp:4  | Gained mutation: You are partially covered in iridescent
                  | scales. (AC +2) [potion of mutation]
 48731 | Swamp:4  | Gained mutation: You are strong-willed. (Will+) [potion of
                  | mutation]
 48732 | Swamp:4  | Lost mutation: You are strong-willed. (Will+) [potion of
                  | mutation]
 48732 | Swamp:4  | Lost mutation: You are partially covered in iridescent
                  | scales. (AC +2) [potion of mutation]
 48732 | Swamp:4  | Lost mutation: Your spells are a little easier to cast, but
                  | a little less powerful. [potion of mutation]
 48732 | Swamp:4  | Gained mutation: Your system is resistant to poisons.
                  | (rPois) [potion of mutation]
 48732 | Swamp:4  | Gained mutation: Your flesh is heat resistant. (rF+)
                  | [potion of mutation]
 49493 | Spider:4 | Entered Level 4 of the Spider Nest
 50444 | Spider:3 | Gained mutation: You occasionally shout uncontrollably at
                  | your foes. [mutagenic glow]
 50748 | Spider:4 | Reached skill level 1 in Hexes
 50748 | Spider:4 | Reached skill level 1 in Earth Magic
 50968 | Spider:4 | Reached XP level 19. HP: 133/133 MP: 31/31
 51078 | Spider:4 | Paralysed by a jorogumo for 1 turns
 51753 | Spider:4 | Got a gossamer rune of Zot
 52138 | Vaults:1 | Entered Level 1 of the Vaults
 54685 | Vaults:1 | Learned a level 4 spell: Olgreb's Toxic Radiance
 55129 | Vaults:2 | Reached skill level 5 in Earth Magic
 55134 | Vaults:2 | Reached skill level 5 in Hexes
 55297 | Vaults:2 | Reached skill level 5 in Poison Magic
 55968 | Vaults:2 | Reached XP level 20. HP: 105/142 MP: 30/32
 56140 | Vaults:2 | You fall into a shaft and drop 1 floor!
 56144 | Vaults:3 | Noticed Sojobo
 56190 | Vaults:3 | Noticed Frederick
 56343 | Vaults:3 | Killed Frederick
 56772 | Vaults:3 | Reached skill level 10 in Invocations
 56834 | Vaults:3 | Identified the +5 short sword "Tufapide" {vorpal, rN++}
 57140 | Vaults:3 | Identified the +9 hand axe "Coecw" {speed, rC- Will+++
                  | Str+4 Stlth+}
 57182 | Vaults:3 | HP: 6/143 [ironbound preserver/stone (14)]
 57393 | Vaults:3 | Identified the +7 mace "Ingev" {antimagic, Str+3}
 57475 | Vaults:3 | HP: 2/143 [tengu reaver/+0 bardiche[Sojobo] (26)]
 57811 | Vaults:3 | Slain by a vault warden

Illustrated notes

Levels and vault maps discovered:
D:1:      minmay_arrival_three_doors, layout_loops_cross, eino_curves_04
D:2:      layout_basic, shapermc_ecumenical_altar_mp_highgroup
D:3:      layout_loops_ring, cheibrodos_sewer_entry_sluice
D:4:      layout_cave_pools, minmay_temple_entry_statues_fountains, uniq_robin,
          uniq_menkaure
D:5:      layout_basic, tgw_sif, serial_shops, nicolae_shop_hallway_stairs,
          minmay_misc_feat_tiny, nicolae_shop_fire_sale
          [nicolae_sub_dead_trees], uniq_crazy_yiuf_cottage, uniq_grinder,
          uniq_ijyb
D:6:      layout_basic, mainiacjoe_overflow_six_doors_small, minmay_between,
          uniq_edmund
D:7:      layout_rooms, bloody_makhleb, hangedman_abyss_or_decor_lesser_grid,
          hangedman_abyss_or_decor_stabs, uniq_duvessa
D:8:      layout_cave_pools, uniq_maggie
D:9:      cheibrodos_statue_roulette, layout_basic, mainiacjoe_overflow_paths
D:10:     layout_small_grid, lair_entry_dummy, lightli_minifort
D:11:     layout_irregular_city, gammafunk_ghost_nasty_kobolds,
          portal_ice_cave_entry_animals_and_master, serial_shops,
          nicolae_shop_bloodbath_and_beyond, uniq_urug, uniq_snorg
D:12:     layout_stronghold, orc_0_dummy
D:13:     layout_cave_pools, hangedman_vaults_entry_quadrant_bands,
          serial_shops, nicolae_lakefront_shop, minmay_lizard_king, uniq_kirke
D:14:     layout_roguey
D:15:     grunt_enter_depths_magical_seal, layout_cave_pools,
          chequers_serial_rivers_micro_d
Temple:   eino_narrow_crystal_temple
Lair:1:   layout_misc_corridors
Lair:2:   layout_long_grid, nicolae_swamp_entry_splash_gauntlet,
          serial_bayou_shore_b
Lair:3:   beast_lair_carwin_large_1, layout_hall_layers,
          spider_nest_entry_funnel_web, lemuel_fruit_tree, uniq_fannar
Lair:4:   layout_loops_ring, maelrawn_ghost_gauntlet_escape
Lair:5:   layout_regular_city, dpeg_slime_entry_enclosed_altar,
          nicolae_quartered_pool_super, minmay_lair_drake_nest,
          grunt_megastairs_3, infiniplex_staircase_pool_2
Lair:6:   minmay_lair_end_frog_pond, layout_misc_corridors, lookout_lair_type,
          st_stairs_9
Swamp:1:  layout_falls_marsh, serial_swamp_ruin, evilmike_swamp_ruin_house_4,
          evilmike_swamp_ruin_rubble_1, evilmike_swamp_ruin_house_5,
          infiniplex_staircase_pool
Swamp:2:  layout_falls_marsh, evilmike_swamp_ruin_rubble_2
Swamp:3:  layout_falls_marsh, ebering_ghost_rock_garden,
          nicolae_swamp_orc_logging_accident
Swamp:4:  swamp, layout_basic_swamp
Spider:1: layout_spider_delve, nicolae_crawler_farm
Spider:2: layout_spider_delve
Spider:3: layout_cave_pods
Spider:4: grunt_spider_rune_parallel
Orc:1:    layout_caves
Orc:2:    grunt_orc_community_town_hall, layout_caves,
          grunt_orc_community_big_house_1, grunt_orc_community_big_house_2,
          grunt_orc_community_house_2, grunt_orc_community_house_2,
          grunt_orc_community_house_3, grunt_orc_community_house_2,
          serial_shops, shop_statue
Vaults:1: v_misc_31, v_misc_33, v_alt_pattern_3, dpeg_vaults_monster_box,
          v_misc_11, v_misc_13, layout_vaults_omnigrid
Vaults:2: hangedman_vaults_hat, vaults_room_fancy_cross, ontoclasm_vaults_spin,
          nicolae_vaults_network_barrier, st_cross,
          nicolae_vaults_yaktaur_gun_rack, layout_vaults_chaotic_city,
          uniq_xtahua
Vaults:3: st_greater_box_4, minmay_crypt_entry_simple_plaza,
          hangedman_vaults_stream, v_misc_27, vaults_standard_mumra_lines,
          v_alt_pattern_6, vaults_mumra_chevron,
          nicolae_vaults_little_squares_5, nicolae_vaults_gold_heap,
          ontoclasm_vaults_eye, nicolae_vaults_border_crossing,
          layout_vaults_omnicross, uniq_frederick, uniq_sojobo, uniq_aizul

Skill      XL: |  1  2  3  4  5  6  7  8  9 10 11 12 13 14 15 16 17 18 19 20 |
---------------+-------------------------------------------------------------+-----
Axes           | 3 4 5 7 8 9 |  9.5
Fighting       | 4 6 8 10 11 12 13 14 | 14.2
Dodging        | 4 5 6 8 9 10 11 12 | 12.7
Throwing       | 1 4 5 |  5.0
Shields        | 4 6 7 8 11 12 13 | 13.0
Invocations    | 4 5 6 7 9 10 | 10.7
Evocations     | 2 |  2.6
Air Magic      | 2 6 |  6.0
Spellcasting   | 2 5 6 7 8 |  8.4
Maces & Flails | 5 7 9 11 12 13 14 | 14.9
Poison Magic   | 4 5 7 |  7.4
Necromancy     | 3 6 8 9 10 | 10.9
Ice Magic      | 2 4 |  4.0
Summonings     | 2 4 |  4.0
Translocations | 4 7 |  7.3
Hexes          | 1 5 |  5.8
Earth Magic    | 1 5 |  5.8

Action                   |  1- 3 |  4- 6 |  7- 9 | 10-12 | 13-15 | 16-18 | 19-21 || total
-------------------------+-------+-------+-------+-------+-------+-------+-------++-------
Melee: War axe           |    45 |    64 |   195 |   178 |       |       |       ||   482
       Constrict         |    13 |    16 |    35 |    66 |   161 |   141 |    74 ||   506
       Tentacles         |    14 |     9 |    40 |   118 |   263 |   269 |   223 ||   936
       Punch             |     1 |     2 |       |    13 |    26 |    19 |    14 ||    75
       Morningstar       |       |       |       |   270 |   941 |   671 |   519 ||  2401
       Unarmed           |       |       |       |       |     1 |       |       ||     1
       Eveningstar       |       |       |       |       |       |   125 |       ||   125
Throw: Boomerang         |    13 |     4 |    84 |    38 |     9 |    23 |       ||   171
       Dart              |     9 |       |    23 |    37 |     8 |       |       ||    77
       Javelin           |       |       |       |       |     1 |       |       ||     1
 Cast: Swiftness         |       |       |       |     2 |     1 |     3 |       ||     6
       Mephitic Cloud    |       |       |       |       |     2 |       |     1 ||     3
       Death Channel     |       |       |       |       |     1 |    32 |    13 ||    46
       Lesser Beckoning  |       |       |       |       |       |    19 |    14 ||    33
       Summon Ice Beast  |       |       |       |       |       |     4 |       ||     4
       Blink             |       |       |       |       |       |     1 |       ||     1
       Leda's Liquefacti |       |       |       |       |       |       |    10 ||    10
       Olgreb's Toxic Ra |       |       |       |       |       |       |     2 ||     2
Invok: Upheaval          |       |       |       |     5 |       |     9 |       ||    14
       Disaster Area     |       |       |       |       |       |       |     4 ||     4
Evoke: Wand              |       |       |       |     5 |       |     2 |     2 ||     9
  Use: Scroll            |       |     3 |    16 |     7 |    12 |    11 |    12 ||    61
       Potion            |       |     2 |     1 |     3 |     4 |    11 |     6 ||    27
 Stab: Sleeping          |     7 |     6 |     2 |       |       |       |       ||    15
       Confused          |       |       |       |       |     1 |       |     2 ||     3
       Distracted        |       |       |       |       |       |     4 |     1 ||     5
       Petrifying        |       |       |       |       |       |       |     1 ||     1
       Petrified         |       |       |       |       |       |       |     1 ||     1
Armor: Skin              |     4 |     4 |     6 |    11 |    61 |    93 |    49 ||   228
Dodge: Dodged            |    23 |    41 |   118 |   264 |   458 |   470 |   247 ||  1621
       Repelled          |       |       |       |       |     5 |     2 |     7 ||    14
Block: Buckler           |     8 |    18 |    58 |   255 |   559 |       |       ||   898
       Kite shield       |       |       |       |       |   191 |   927 |   438 ||  1556
       Other             |       |       |       |       |     1 |       |       ||     1
